 Dungeon Crawl Stone Soup version 0.28.0-43-g3370ac3207 (webtiles) character file.

Game seed: 11115942276842096439

6345 boopmooplesden the Cleaver (level 10, -1/90 HPs)
             Began as a Minotaur Berserker on Mar 30, 2022.
             Was a Priest of Trog.
             Slain by an ogre
             ... wielding a +0 giant spiked club
              (4 damage)
             ... on level 9 of the Dungeon.
             The game lasted 00:09:03 (8151 turns).

boopmooplesden the Cleaver (Minotaur Berserker)     Turns: 8151, Time: 00:09:03

Health: -1/90      AC: 16    Str: 23    XL:     10   Next: 64%
Magic:  18/18      EV:  9    Int:  4    God:    Trog [***...]
Gold:   495        SH:  0    Dex: 15    Spells: 9/9 levels left

rFire   + . .      SeeInvis +   y - +3 battleaxe (freeze)
rCold   . . .      Faith    .   (shield currently unavailable)
rNeg    . . .      Spirit   .   d - +1 plate armour "Ryiful" {rElec MP+9 Dex+2 Slay+2}
rPois   +          Reflect  .   (helmet restricted)
rElec   +          Harm     .   (no cloak)
rCorr   .          Rampage  .   (no gloves)
Will    .....                   (no boots)
Stlth   ..........              (no amulet)
HPRegen 0.25/turn               o - ring of see invisible
MPRegen 0.16/turn               t - ring of Upifiuh {rPois rF+}

@: on berserk cooldown, slowed, very slow
A: horns 2, retaliatory headbutt
a: Renounce Religion, Berserk, Trog's Hand


You were on level 9 of the Dungeon.
You worshipped Trog.
Trog was most pleased with you.
You visited 1 branch of the dungeon, and saw 9 of its levels.

You collected 495 gold pieces.

Inventory:

Hand Weapons
 a - a +0 hand axe
 k - a +1 hand axe of electrocution
 s - a +0 hand crossbow
 y - a +3 battleaxe of freezing (weapon)
Missiles
 j - 5 silver boomerangs (quivered)
 n - 9 poisoned darts
Armour
 d - the +1 plate armour "Ryiful" (worn) {rElec MP+9 Dex+2 Slay+2}
   (You acquired it on level 1 of the Dungeon)

   Dex:       It affects your dexterity (+2).
   Slay:      It affects your accuracy & damage with ranged weapons and melee
   (+2).
   rElec:     It insulates you from electricity.
   MP:        It affects your magic capacity (+9).
Jewellery
 o - a ring of see invisible (left hand)
 t - the ring of Upifiuh (right hand) {rPois rF+}
   (You acquired it on level 7 of the Dungeon)

   [ring of poison resistance]

   rF:        It protects you from fire.
   rPois:     It protects you from poison.
 u - a ring of poison resistance
 v - a +4 ring of slaying
Wands
 f - a wand of iceblast (13)
 h - a wand of polymorph (6)
Scrolls
 p - 2 scrolls of fog {unknown}
 q - a scroll of silence {unknown}
 w - 2 scrolls of identify
 x - a scroll of enchant weapon {unknown}
Potions
 b - 2 potions of might
 c - 2 potions of curing
 e - a potion of invisibility {unknown}
 g - 5 potions of mutation
 i - 2 potions of haste {unknown}
 l - a potion of lignification {unknown}
 m - 2 potions of berserk rage {unknown}


   Skills:
 + Level 8.8 Fighting
 + Level 13.0 Axes
 + Level 11.2 Armour
 + Level 4.1 Dodging
 + Level 1.2 Stealth
 + Level 2.3 Evocations


You had 9 spell levels left.
You didn't know any spells.
Your spell library was empty.

Dungeon Overview and Level Annotations

Branches:
Dungeon (9/15)             Temple (0/1) D:6
   Lair: D:8-11         Orc: D:9-12

Altars:
Makhleb
Nemelex Xobeh
Trog
Yredelemnul

Shops:
D:5 [   D:6 !


Innate Abilities, Weirdness & Mutations

You have a pair of horns on your head.
You reflexively headbutt those who attack you in melee.


Message History

The ogre is moderately wounded.
The ogre hits you with a +0 giant club!
You slice the ogre!! You freeze the ogre.
You kill the ogre!
Trog accepts your kill.
Your skin stops crawling.
You feel less strong-willed.
The ogre hits you with a +0 giant club!!
* * * LOW HITPOINT WARNING * * *
You see here a +0 giant club.
You slice the ogre!! You freeze the ogre.
The ogre is almost dead.
You slice the ogre!! You freeze the ogre.
You kill the ogre!
Trog accepts your kill.
You completely miss the ogre. Your headbutt misses the ogre.
The ogre closely misses you.
You slice the ogre!! You freeze the ogre.
You kill the ogre!
Trog accepts your kill.
Your Axes skill increases to level 13!
The ogre hits you with a +0 giant spiked club.
* * * LOW HITPOINT WARNING * * *
Items here: )) ††.
You slash the ogre! You freeze the ogre.
The ogre is heavily wounded.
You barely miss the ogre.
The ogre is heavily wounded.
The ogre hits you with a +0 giant spiked club!!
* * * LOW HITPOINT WARNING * * *
You slash the ogre! You freeze the ogre. You headbutt the ogre.
You kill the ogre!
Trog accepts your kill.
You are no longer berserk.
You are exhausted.
You feel yourself slow down.
You barely miss the ogre. Your headbutt misses the ogre.
The ogre hits you but does no damage.
You barely miss the ogre.
The ogre hits you with a +0 giant spiked club.
You die...

### ###
#.############.###
#.................
#.# ######..###
#)# #..# #)# #..#
#@# ######..# #O#
........# #.#
#######.### #.#
##.# #...... #.#
#..# #.#.### #.#
#..###.#.... #.
#.# #...........
#. #.#
##.#.#.##### # #.
#.# #....#.#....


You could see an ogre.

Vanquished Creatures
  A cyclops (D:9)
  Maggie (D:7)
  A kobold demonologist (D:4)
  A wyvern (D:8)
  6 yaks (D:9)
  Menkaure (D:6)
  4 water moccasins
  Edmund (D:6)
  5 sky beasts
  A black bear (D:6)
  An orc warrior (D:8)
  2 necrophages
  10 ogres
  2 centaurs (D:7)
  3 phantoms
  2 bullfrogs
  2 scorpions
  A water moccasin skeleton (D:5)
  15 wights
  4 killer bees (D:8)
  An orc priest (D:4)
  2 bullfrog skeletons
  2 centaur skeletons
  A gnoll shaman (D:8)
  3 hounds
  2 jellies (D:6)
  Ijyb (D:3)
  2 iguanas (D:6)
  A howler monkey zombie (D:9)
  5 adders
  10 gnolls
  2 shadow imps (D:4)
  A white imp (D:6)
  An ufetubus (D:5)
  An adder skeleton (D:4)
  2 worms
  4 orcs
  3 ball pythons
  6 endoplasms
  7 giant cockroaches
  5 goblins
  2 hobgoblins
  4 jackals (D:3)
  8 kobolds
  4 quokkas
  5 bats
  A frilled lizard (D:2)
  4 rats
154 creatures vanquished.

Vanquished Creatures (others)
  A ball python (D:3)
1 creature vanquished.

Grand Total: 155 creatures vanquished

Notes
Turn   | Place    | Note
-------+----------+-------------------------------------------
     0 | D:1      | boopmooplesden the Minotaur Berserker began the quest for
                  | the Orb.
     0 | D:1      | Reached XP level 1. HP: 19/19 MP: 0/0
   264 | D:1      | Reached XP level 2. HP: 25/27 MP: 1/1
   814 | D:1      | Reached skill level 4 in Axes
   940 | D:1      | Identified a scroll of acquirement
   940 | D:1      | Acquired the +1 plate armour "Ryiful" {rElec MP+9 Dex+2
                  | Slay+2}
  1148 | D:2      | Reached ** piety under Trog
  1155 | D:2      | Reached XP level 3. HP: 26/34 MP: 2/2
  1574 | D:3      | Reached XP level 4. HP: 39/41 MP: 3/3
  1620 | D:3      | Reached skill level 5 in Axes
  1997 | D:3      | Reached XP level 5. HP: 47/47 MP: 4/4
  2005 | D:3      | Found a burning altar of Makhleb.
  2070 | D:3      | Found a sparkling altar of Nemelex Xobeh.
  2077 | D:3      | Noticed Ijyb
  2089 | D:3      | Killed Ijyb
  2472 | D:4      | Noticed an ogre
  2480 | D:4      | Killed an ogre
  2481 | D:4      | Reached skill level 5 in Fighting
  2481 | D:4      | Reached skill level 6 in Axes
  2481 | D:4      | Reached XP level 6. HP: 56/56 MP: 5/5
  2659 | D:4      | Found a transporter.
  2663 | D:4      | Noticed a kobold demonologist
  2675 | D:4      | Found a transporter.
  2936 | D:4      | Found a basalt altar of Yredelemnul.
  3119 | D:4      | Killed a kobold demonologist
  3120 | D:4      | Reached skill level 7 in Axes
  3120 | D:4      | Reached skill level 5 in Armour
  3120 | D:4      | Reached XP level 7. HP: 51/61 MP: 6/6
  3154 | D:5      | Entered Level 5 of the Dungeon
  3412 | D:5      | Found Nalus's Armour Shop.
  3515 | D:5      | Reached skill level 8 in Axes
  3773 | D:5      | Reached skill level 1 in Evocations
  3773 | D:5      | Reached XP level 8. HP: 56/70 MP: 7/7
  4455 | D:6      | Found Xyeta's Distillery.
  4556 | D:6      | Noticed Edmund
  4568 | D:6      | Reached skill level 9 in Axes
  4574 | D:6      | Killed Edmund
  4916 | D:6      | Noticed Menkaure
  4929 | D:6      | Killed Menkaure
  4964 | D:6      | Found a staircase to the Ecumenical Temple.
  5025 | D:6      | Reached skill level 10 in Axes
  5252 | D:6      | Reached XP level 9. HP: 65/78 MP: 8/8
  5469 | D:6      | Found a bloodstained altar of Trog.
  5821 | D:7      | Reached *** piety under Trog
  6054 | D:7      | Acquired the ring of Upifiuh {rPois rF+}
  6249 | D:7      | Reached skill level 11 in Axes
  6880 | D:7      | Noticed Maggie
  6893 | D:7      | Killed Maggie
  7104 | D:8      | Reached skill level 10 in Armour
  7215 | D:8      | Reached XP level 10. HP: 83/88 MP: 9/9
  7692 | D:8      | Reached skill level 1 in Stealth
  8046 | D:9      | Noticed a cyclops
  8056 | D:9      | Killed a cyclops
  8057 | D:9      | Reached skill level 12 in Axes
  8146 | D:9      | Reached skill level 13 in Axes
  8148 | D:9      | HP: 3/135 [ogre/+0 giant spiked club (25)]
  8151 | D:9      | Slain by an ogre

Illustrated notes

Levels and vault maps discovered:
D:1:      lightli_iron_boxes, layout_basic, minmay_vboxes
D:2:      layout_rooms
D:3:      layout_basic, mainiacjoe_overflow_catwalk_spiral,
          grunt_decor_one_mirror, uniq_ijyb
D:4:      gammafunk_wand_slinger, layout_cave_pools,
          mainiacjoe_overflow_24_doors, minmay_misc_feat_encased
D:5:      layout_layer_cave, serial_shops, nicolae_shop_stone
D:6:      layout_basic, trog_book, minmay_temple_entry_mini_moons, serial_shops,
          shop, uniq_menkaure, uniq_edmund
D:7:      layout_loops_corners, kennysheep_generic_room_14, uniq_maggie
D:8:      layout_gridville
D:9:      lemuel_ogre_cave, layout_basic

Skill      XL: |  1  2  3  4  5  6  7  8  9 10 |
---------------+-------------------------------+-----
Fighting       | 4 5 6 7 8 |  8.8
Axes           | 4 5 6 7 8 10 11 13 | 13.0
Dodging        | 3 4 |  4.1
Armour         | 3 5 8 10 11 | 11.2
Evocations     | 1 2 |  2.3
Stealth        | 1 |  1.2

Action                   |  1- 3 |  4- 6 |  7- 9 | 10-12 || total
-------------------------+-------+-------+-------+-------++-------
Melee: Hand axe          |    72 |    81 |   191 |    14 ||   358
       Headbutt          |    15 |    14 |    35 |    15 ||    79
       Punch             |       |       |     1 |     1 ||     2
       Battleaxe         |       |       |       |    51 ||    51
Invok: Berserk           |       |     3 |     6 |     3 ||    12
       Trog's Hand       |       |       |       |     1 ||     1
Evoke: Wand              |       |     3 |     5 |       ||     8
  Use: Scroll            |     3 |       |     9 |     1 ||    13
 Stab: Sleeping          |     1 |       |       |       ||     1
Armor: Animal skin       |     6 |       |       |       ||     6
       Plate armour      |    29 |    69 |    76 |    29 ||   203
       Leather armour    |     1 |       |       |       ||     1
Dodge: Dodged            |    34 |    33 |    71 |    30 ||   168
